 Dungeon Crawl Stone Soup version 0.24-a0-190-g063869c372 (webtiles) character file.

Game seed: 2769608407592332836

91 MrRokkomies the Sneak (level 4, -2/29 HPs)
             Began as an Octopode Assassin on Mar 18, 2019.
             Killed by divine providence
             ... invoked by an orc priest
              (14 damage)
             ... on level 3 of the Dungeon.
             The game lasted 00:04:15 (2034 turns).

MrRokkomies the Sneak (Octopode Assassin)           Turns: 2034, Time: 00:04:16

Health: -2/29      AC:  1    Str: 13    XL:     4   Next: 59%
Magic:  4/4        EV: 14    Int: 13    God:
Gold:   90         SH:  0    Dex: 14    Spells: 3/3 levels left

rFire    . . .     SeeInvis .   a - +2 short sword (freeze)
rCold    . . .     Gourm    .   (no shield)
rNeg     . . .     Faith    .   (helmet restricted)
rPois    .         Spirit   .   (no amulet)
rElec    .         Reflect  .   n - +3 ring of strength
rCorr    .         Harm     .   (no ring)
MR       .....                  (no ring)
Stlth    ++++......             (no ring)
HPRegen  0.09/turn              (no ring)
MPRegen  0.09/turn              (no ring)
                                (no ring)
                                (no ring)

@: no status effects
A: almost no armour, stealthy swim, amphibious, 8 rings, constrict 8, camouflage
1, gelatinous body 1
a: no special abilities


You were on level 3 of the Dungeon.
You were not hungry.

You visited 1 branch of the dungeon, and saw 3 of its levels.

You collected 90 gold pieces.

Inventory:

Hand Weapons
 a - a +2 short sword of freezing (weapon)
 b - a +0 blowgun
 j - a +2 dagger
Missiles
 c - 24 poisoned needles
 d - 2 curare-tipped needles
 h - 115 stones (quivered)
 m - 7 javelins
Jewellery
 n - a +3 ring of strength (left tentacle)
Scrolls
 r - 2 scrolls of fear
Potions
 e - a potion of flight
 g - a potion of magic {unknown}
 i - a potion of haste {unknown}
 k - a potion of invisibility {unknown}
 l - a potion of might {unknown}
 o - a potion of curing {unknown}
 p - a potion of mutation {unknown}
 q - a potion of cancellation {unknown}
Comestibles
 f - 4 rations


   Skills:
 - Level 2.0 Fighting
 - Level 2.0 Short Blades
 * Level 3.2 Throwing
 * Level 2.7 Dodging
 + Level 5.9 Stealth


You had 3 spell levels left.
You didn't know any spells.
Your spell library was empty.

Dungeon Overview and Level Annotations

Branches:
Dungeon (3/15)

Altars:


Innate Abilities, Weirdness & Mutations

You cannot wear most types of armour.
You are very stealthy in the water. (Stealth+)
You are amphibious.
You can wear up to eight rings at the same time.
You can use your tentacles to constrict eight enemies at once.
Your skin changes colour to match your surroundings (Stealth+).
Your rubbery body absorbs attacks. (AC +1, EV +1)


Message History

There is a stone staircase leading up here.
The orc priest hits you with a +0 mace.
You hit the orc priest but do no damage.
Your grab misses the orc priest. You squeeze the orc priest!
The orc priest is heavily wounded.
The orc priest barely misses you.
You hit the orc priest. You freeze the orc priest.
Your grab misses the orc priest. Your squeeze misses the orc priest.
The orc priest is almost dead.
The orc priest hits you with a +0 mace.
You hit the orc priest but do no damage.
You grab the orc priest.
The orc priest is almost dead.
You constrict the orc priest, but do no damage.
You hit the orc priest but do no damage.
The orc priest is almost dead.
You constrict the orc priest.
The orc priest invokes the aid of Beogh against you.
Beogh smites you!
You die...

........
......#
#.....#
#.....#
#.##.....#
.......).#
......)[.#
....##.#<#
. ...#@#
#####o#
#o. ....
.....
.......
........
.........#


You could see an orc priest and an orc wizard.

Vanquished Creatures
  An orc priest (D:3)
  A worm (D:2)
  A dart slug (D:1)
  A leopard gecko (D:1)
  3 orcs
  A ball python (D:2)
  8 bats
  A giant cockroach (D:2)
  5 goblins
  6 hobgoblins
  3 jackals (D:2)
  9 kobolds
  4 frilled lizards (D:1)
  5 rats
49 creatures vanquished.

Notes
Turn   | Place    | Note
-------+----------+-------------------------------------------
     0 | D:1      | MrRokkomies the Octopode Assassin began the quest for the
                  | Orb.
     0 | D:1      | Reached XP level 1. HP: 14/14 MP: 1/1
   340 | D:1      | Reached XP level 2. HP: 19/19 MP: 2/2
   885 | D:1      | Reached XP level 3. HP: 24/24 MP: 3/3
  1801 | D:3      | Reached XP level 4. HP: 29/29 MP: 4/4
  2034 | D:3      | Killed from afar by an orc priest

Levels and vault maps discovered:
D:1:      dpeg_arrival_renting, layout_basic, chequers_serial_rivers_marsh
D:2:      layout_loops_ring, first_ration
D:3:      layout_basic

Skill      XL: |  1  2  3 |
---------------+----------+-----
Dodging        | 2 |  2.7
Throwing       | 3 |  3.2
Fighting       | |  2.0
Short Blades   | |  2.0
Stealth        | |  5.9

Action                   |  1- 3 |  4- 6 || total
-------------------------+-------+-------++-------
Melee: Dagger            |    13 |       ||    13
       Constrict         |    11 |     3 ||    14
       Tentacles         |     5 |     2 ||     7
       Short sword       |    46 |    11 ||    57
 Fire: Blowgun           |    16 |       ||    16
  Use: Scroll            |     5 |       ||     5
 Stab: Sleeping          |    19 |       ||    19
  Eat: Chunk             |     3 |       ||     3
Armor: Skin              |     5 |       ||     5
Dodge: Dodged            |    28 |     5 ||    33

Table legend:
 A = Non-vault XP
 B = Vault XP
 C = Vault XP percentage of total XP
 D = Non-vault monster count
 E = Vault monster count
 F = Vault count percentage of total count
                 A         B        C        D         E       F
            +---------+---------+-------+---------+---------+-------
      Total |     131 |       0 |   0.0 |      49 |       0 |   0.0
            +---------+---------+-------+---------+---------+-------
        D:1 |      41 |       0 |   0.0 |      25 |       0 |   0.0
        D:2 |      41 |       0 |   0.0 |      21 |       0 |   0.0
        D:3 |      49 |       0 |   0.0 |       3 |       0 |   0.0
            +---------+---------+-------+---------+---------+-------
